 Dungeon Crawl Stone Soup version 0.25-b1-23-ge2ad7d536c (webtiles) character file.

Game seed: 4585985952002271108, levelgen mode: deterministic

72 nightchill the Chiller (level 4, -5/33 HPs)
             Began as a Merfolk Ice Elementalist on May 31, 2020.
             Slain by a gnoll
             ... wielding a +0 dagger
              (6 damage)
             ... on level 1 of the Dungeon.
             The game lasted 00:07:51 (2518 turns).

nightchill the Chiller (Merfolk Ice Elementalist)   Turns: 2518, Time: 00:07:52

Health: -5/33      AC:  2    Str:  9    XL:     4   Next: 26%
Magic:  0/7        EV: 13    Int: 14    God:
Gold:   31         SH:  0    Dex: 14    Spells: 4/8 levels left

rFire    . . .     SeeInvis .   d - +0 dagger
rCold    . . .     Gourm    .   (no shield)
rNeg     . . .     Faith    .   a - +0 robe
rPois    .         Spirit   .   (no helmet)
rElec    .         Reflect  .   (no cloak)
rCorr    .         Harm     .   (no gloves)
MR       .....                  (no boots)
Stlth    ++........             (no amulet)
HPRegen  0.11/turn              (no ring)
MPRegen  0.10/turn              (no ring)

@: very slightly contaminated
A: change form in water, swift swim, stealthy swim
a: no special abilities


You were on level 1 of the Dungeon.
You were not hungry.

You visited 1 branch of the dungeon, and saw 2 of its levels.

You collected 31 gold pieces.

Inventory:

Hand Weapons
 d - a +0 dagger (weapon)
Missiles
 b - 4 silver javelins (quivered)
Armour
 a - a +0 robe (worn)
Scrolls
 f - a scroll of amnesia {unknown}
Potions
 e - a potion of cancellation {unknown}
Comestibles
 c - 3 rations


   Skills:
 + Level 1.7 Fighting
 - Level 2.6 Dodging
 - Level 2.1 Stealth
 + Level 2.6 Spellcasting
 * Level 5.4 Ice Magic


You had 4 spell levels left.
You knew the following spells:

 Your Spells              Type           Power        Failure   Level  Hunger
a - Freeze                Ice            ###.         2%          1    #......
b - Frozen Ramparts       Ice            ###...       8%          3    ###....

Your spell library contained the following spells:

 Spells                   Type           Power        Failure   Level  Hunger
 Ozocubu's Armour         Chrm/Ice       #.......     22%         3    ###....
 Hailstorm                Conj/Ice       #.......     58%         4    #####..
 Summon Ice Beast         Ice/Summ       #.......     58%         4    #####..


Dungeon Overview and Level Annotations

Branches:
Dungeon (2/15)

Altars:


Message History

You hit the gnoll but do no damage.
The gnoll is moderately wounded.
The gnoll completely misses you.
You hit the gnoll but do no damage.
The gnoll is moderately wounded.
The gnoll hits you with a +0 dagger.
* * * LOW HITPOINT WARNING * * *
You completely miss the gnoll.
The gnoll is moderately wounded.
The gnoll hits you with a +0 dagger.
* * * LOW HITPOINT WARNING * * *
Casting: Frozen Ramparts (quite dangerous; 8% risk of failure)
Confirm with . or Enter, or press ? or * to list all spells.
Aiming: Freeze (safe; 2% risk of failure)
Press: ? - help, Shift-Dir - straight line, f - gnoll
Aim: a gnoll, wielding a +0 dagger (moderately wounded)
You freeze the gnoll.
The gnoll is heavily wounded.
The gnoll hits you with a +0 dagger.
You die...

########## ####.....#...
#........#.⌠8 #.##.###.#.8#
#.#..# ###..# ####...## #8)#
###############.....## #..#
#............##.#..##### ##..#
#.........##g@.>.......###..##
#########.####...#####..##.##
#........######....#
####...........#.###
####.#.##.###.....####
###......##)# #.#.......
#...#######.# #.###.####
#.#.#######.###.###.#
#.#...#.....#.....#.####


You could see a gnoll.

Vanquished Creatures
  2 gnolls (D:2)
  An adder (D:2)
  3 dart slugs
  A leopard gecko (D:1)
  4 goblins (D:1)
  4 hobgoblins (D:1)
  2 jackals (D:1)
  6 kobolds (D:1)
  A quokka (D:2)
  2 ball pythons (D:1)
  5 bats (D:1)
  3 frilled lizards
  2 rats (D:1)
36 creatures vanquished.

Notes
Turn   | Place    | Note
-------+----------+-------------------------------------------
     0 | D:1      | nightchill the Merfolk Ice Elementalist began the quest for
                  | the Orb.
     0 | D:1      | Reached XP level 1. HP: 13/13 MP: 3/3
   109 | D:1      | Reached XP level 2. HP: 2/20 MP: 0/5
   700 | D:1      | Reached skill level 1 in Fighting
   969 | D:1      | Reached XP level 3. HP: 26/26 MP: 6/6
   974 | D:1      | Learned a level 3 spell: Frozen Ramparts
  1305 | D:1      | Reached skill level 5 in Ice Magic
  2483 | D:2      | Reached XP level 4. HP: 21/33 MP: 0/7
  2517 | D:1      | HP: 1/33 [gnoll/+0 dagger (2)]
  2518 | D:1      | Slain by a gnoll

Illustrated notes

Levels and vault maps discovered:
D:1:      elethiomel_arrival_maze, layout_rooms, chequers_decorated_corner,
          kennysheep_boxes
D:2:      layout_rooms, first_ration

Skill      XL: |  1  2  3 |
---------------+----------+-----
Fighting       | 1 |  1.7
Ice Magic      | 5 |  5.4
Dodging        | |  2.6
Stealth        | |  2.1
Spellcasting   | |  2.6

Action                   |  1- 3 |  4- 6 || total
-------------------------+-------+-------++-------
Melee: Unarmed           |    16 |       ||    16
       Dagger            |    99 |     9 ||   108
       Tailslap          |     3 |       ||     3
 Cast: Freeze            |    34 |     1 ||    35
       Frozen Ramparts   |     4 |       ||     4
 Stab: Sleeping          |     1 |       ||     1
  Eat: Chunk             |     6 |       ||     6
Armor: Robe              |    36 |       ||    36
Dodge: Dodged            |   122 |     6 ||   128
